Map: Deathaura LE

Players

A.I. 1 (Elite)

  • Race: Protoss Protoss
  • Spawn Location: 11:00

cheetoss - Winner!

  • Race: Zerg Zerg
  • Spawn Location: 5:00

VOD

Have the link to the VOD?

Description

Time

  • Played on: Nov. 23, 2020, 5:14 p.m.
  • Length: 3:45
Show
View Real Time Build Order
Export as new Build Order

A.I. 1 (Elite) Protoss 

Build Orders:  

Get SALT Encoding   

  12  0:00  Probe  
  13  0:13  Probe  
  14  0:19  Pylon  
  14  0:25  Probe  
  15  0:33  Probe  
  15  0:41  Probe  
  16  0:47  Assimilator  
  17  0:50  Gateway  
  17  0:51  Probe  
  18  0:59  Probe  
  18  1:00  Pylon  
  19  1:07  Probe  
  19  1:17  Probe  
  21  1:29  Probe  
  22  1:38  Zealot  
  24  1:41  Cybernetics Core  
  24  1:42  Probe  
  25  1:57  Nexus  
  25  1:58  Probe  
  26  2:06  Probe  
  26  2:14  Probe  
  27  2:17  Stalker  
  30  2:23  Pylon  
  30  2:26  Probe  
  29  2:42  Probe  
  29  2:46  Zealot  
  29  2:49  Pylon  
  31  3:04  Zealot  
  31  3:06  Assimilator  
  31  3:07  Probe  
  32  3:13  Gateway  
  32  3:14  Probe  
  31  3:20  Probe  
  31  3:26  Probe  
Show
View Real Time Build Order
Export as new Build Order

cheetoss Zerg - Winner!

Build Orders: Hatch First 

Get SALT Encoding   

  12  0:01  Drone  
  13  0:09  Drone  
  14  0:40  Hatchery  
  14  0:41  Drone  
  14  0:56  Spawning Pool  
  13  1:00  Drone  
  14  1:28  Hatchery  
  13  1:33  Drone  
  13  1:36  Overlord  
  14  1:52  Queen  
  16  1:54  Drone  
  16  2:00  Drone  
  18  2:04  Drone  
  19  2:14  Zergling x6  
  22  2:22  Queen  
  24  2:29  Zergling x2  
  25  2:35  Queen  
  26  2:41  Overlord  
  26  2:54  Zergling x4  
  28  3:03  Drone, Roach Warren  
  28  3:04  Extractor  
  27  3:08  Drone  
  27  3:09  Drone  
  29  3:25  Spine Crawler  
  29  3:26  Spine Crawler  
Tags
 
Matchup
PvZ
Spawn Locations
Cross Positions
Add a new tag
Caveats
  • Supply blocks, unpowered buildings, or Contaminate may cause inaccurate times.
  • Supply counts are checked every 10 seconds.